 Dungeon Crawl Stone Soup version 0.31.0-9-g3a7656b989 (webtiles) character file.

Game seed: 4790375805326923782

23 Strat the Ducker (level 3, 0/27 HPs)
             Began as a Merfolk Air Elementalist on Jan 24, 2024.
             Succumbed to an adder's poison
             ... on level 2 of the Dungeon.
             The game lasted 00:03:15 (1066 turns).

Strat the Ducker (Merfolk Air Elementalist)         Turns: 1066, Time: 00:03:15

Health: 0/27       AC:  3    Str:  8    XL:     3   Next: 0%
Magic:  6/6        EV: 13    Int: 14    God:
Gold:   69         SH:  0    Dex: 16    Spells: 5/6 levels left

rFire   . . .        a - +0 short sword
rCold   . . .        (no shield)
rNeg    . . .        c - +0 robe
rPois   .            (no helmet)
rElec   .            (no cloak)
rCorr   .            (no gloves)
SInv    .            h - +0 pair of boots
Will    .....        (no amulet)
Stlth   ++           (no ring)
HPRegen 0.24/turn    (no ring)
MPRegen 0.10/turn

%: no passive effects
@: lethally poisoned (0 -> -4)
A: (nimble swimmer 2), mertail
a: no special abilities


You were on level 2 of the Dungeon.
You visited 1 branch of the dungeon, and saw 2 of its levels.

You collected 69 gold pieces.

Inventory:

Hand Weapons
 a - a +0 short sword (weapon)
 b - a +0 sling
 k - a +0 dagger
Armour
 c - a +0 robe (worn)
 h - a +0 pair of boots (worn)
 j - a +0 chain mail of fire resistance
Scrolls
 f - a scroll of identify {unknown}
 g - a scroll of immolation {unknown}
 i - 2 scrolls of fog {unknown}
Potions
 d - a potion of magic


   Skills:
 + Level 1.8 Fighting
 + Level 3.7 Dodging
 - Level 2.1 Stealth
 - Level 2.0 Spellcasting
 - Level 0.7 Conjurations
 - Level 2.4 Air Magic


You had 5 spell levels left.
You knew the following spells:

 Your Spells              Type           Power      Damage    Failure   Level
a - Shock                 Conj/Air       20%        1d4       13%         1

Your spell library contained the following spells:

 Spells                   Type           Power      Damage    Failure   Level
 Magic Dart               Conj           12%        1d3       19%         1
 Static Discharge         Conj/Air       10%        3-4/arc   19%         2
 Searing Ray              Conj           6%         2d4       26%         2
 Swiftness                Air            8%         N/A       26%         3
 Call Canine Familiar     Summ           1%         N/A       56%         3
 Sigil of Binding         Hex            1%         N/A       56%         3
 Airstrike                Air            4%         2d(1-17)  65%         4
 Fulminant Prism          Conj/Alch      1%         3d5       90%         4
 Dimensional Bullseye     Hex/Tloc       0%         N/A       93%         4


Dungeon Overview and Level Annotations

Branches:
Dungeon (2/15)

Altars:

Shops:
D:1 ?

Annotations:
D:2 Natasha


Innate Abilities, Weirdness & Mutations

((You are very nimble when in or above water. (Stealth+, EV+, Speed+++)))
Your lower body shifts to a powerful aquatic tail in water.


Message History

The adder poisons you!
You hit the adder.
The adder is severely wounded.
You feel sick. The adder closely misses you.
You hit the adder but do no damage.
The adder is severely wounded.
You feel sick. The adder closely misses you. The adder bites you.
* * * LOW HITPOINT WARNING * * *
You are more poisoned.
The adder poisons you!
You closely miss the adder.
The adder is severely wounded.
You feel very sick. The adder misses you.
You hit the adder.
The adder is severely wounded.
You feel sick. The adder closely misses you.
You closely miss the adder.
The adder is severely wounded.
You feel sick. The adder closely misses you. The adder barely misses you.
You miss the adder.
The adder is severely wounded.
You feel sick. The adder bites you.
* * * LOW HITPOINT WARNING * * *
You are lethally poisoned!
The adder poisons you!
It was a potion of cancellation.
You feel magically purged.
* * * LOW HITPOINT WARNING * * *
You feel sick. The adder barely misses you.
You miss the adder.
The adder is severely wounded.
* * * LOW HITPOINT WARNING * * *
You feel sick. The adder barely misses you.
You miss the adder.
The adder is severely wounded.
* * * LOW HITPOINT WARNING * * *
You feel sick. The adder barely misses you. The adder closely misses you.
You hit the adder but do no damage.
The adder is severely wounded.
You die...

. .. ... ###
.... #.. $....
#.# #####......
#.# #..@S......
#.# #.###......
#.# #.# .....
#.# #.# ....
########.## #.#
...
#.........####.#
..
...............#
.
..#######..#####
..# #..#


You could see an adder.

Vanquished Creatures
  A dart slug (D:1)
  2 ball pythons (D:1)
  An endoplasm (D:1)
  A giant cockroach (D:1)
  2 goblins (D:1)
  5 hobgoblins
  A kobold (D:2)
  A quokka (D:2)
  2 bats (D:1)
  A frilled lizard (D:1)
  A rat (D:1)
18 creatures vanquished.

Notes
Turn   | Place    | Note
-------+----------+-------------------------------------------
     0 | D:1      | Strat the Merfolk Air Elementalist began the quest for the
                  | Orb.
     0 | D:1      | Reached XP level 1. HP: 13/13 MP: 3/3
   169 | D:1      | Found Fydee's Magic Scroll Boutique.
   190 | D:1      | Reached skill level 3 in Dodging
   296 | D:1      | Reached skill level 1 in Fighting
   296 | D:1      | Reached XP level 2. HP: 21/21 MP: 5/5
   855 | D:2      | Noticed Natasha
   995 | D:2      | Reached XP level 3. HP: 25/27 MP: 6/6
  1065 | D:2      | HP: 1/27 [poisoned by an adder]
  1066 | D:2      | Succumbed to an adder's poison

Illustrated notes

Levels and vault maps discovered:
D:1:      heliophobic_arrival_enchanted_forest, layout_basic, serial_shops,
          nicolae_diamond_shop, chequers_big_river, minmay_misc_feat_nine_boxes,
          hangedman_abyss_or_decor_stabs
D:2:      layout_basic, hellmonk_ecumenical_altar_leap_of_faith, uniq_natasha

Skill      XL: |  1 |
---------------+----+-----
Dodging        | 3 |  3.7
Fighting       | 1 |  1.8
Stealth        | |  2.1
Spellcasting   | |  2.0
Conjurations   | |  0.7
Air Magic      | |  2.4

Action                     || total
---------------------------++-------
  Melee: Dagger            ||    32
         Punch             ||     1
         Short sword       ||    15
   Fire: Sling             ||    51
   Cast: Shock             ||     6
    Use: Potion            ||     1
 Armour: Robe              ||    35
  Dodge: Dodged            ||    55
